 Dungeon Crawl Stone Soup version 0.21-a0-237-g87df72b (webtiles) character file.

1887 sveltemanboy the Dealer of Despair (level 8, 0/58 HPs)
             Began as a Demonspawn Monk on Sept 2, 2017.
             Was an Elder of Kikubaaqudgha.
             Slain by an orc wizard
             ... wielding a +0 dagger
              (2 damage)
             ... on level 6 of the Dungeon.
             The game lasted 00:21:16 (7499 turns).

sveltemanboy the Dealer of Despair (DsMo)           Turns: 7499, Time: 00:21:17

Health: 0/58       AC:  5    Str: 13    XL:     8   Next: 92%
Magic:  0/11       EV: 13    Int: 12    God:    Kikubaaqudgha [****..]
Gold:   311        SH:  0    Dex: 20    Spells: 1/11 levels left

rFire    + . .     SeeInvis .   b - +0 whip (drain)
rCold    . . .     Gourm    .   (no shield)
rNeg     + . .     Faith    .   B - +0 leather armour
rPois    .         Spirit   +   z - +1 helmet
rElec    .         Reflect  .   p - scarf {repulsion}
rCorr    .         Harm     .   (no gloves)
MR       .....                  (no boots)
Stlth    ++++......             m - amulet of magic regeneration
HPRegen  0.19/turn              r - ring of positive energy
MPRegen  0.49/turn              o - ring of protection from fire

@: flying, repel missiles
A: thin skeletal structure 2, nightstalker 1, magic shield, magic regeneration
a: Receive Corpses, Renounce Religion


You were on level 6 of the Dungeon.
You worshipped Kikubaaqudgha.
Kikubaaqudgha was greatly pleased with you.
You were not hungry.

You visited 1 branch of the dungeon, and saw 6 of its levels.

You collected 311 gold pieces.

Inventory:

Hand Weapons
 a - a +2 flail of protection
 b - a +0 whip of draining (weapon)
Armour
 p - a scarf of repulsion (worn)
 z - a +1 helmet (worn)
 B - a +0 leather armour (worn)
 E - a +0 buckler
Jewellery
 m - an amulet of magic regeneration (around neck)
 o - a ring of protection from fire (right hand)
 r - a ring of positive energy (left hand)
Wands
 t - a wand of digging (4/24)
 D - a wand of enslavement (14/24)
Scrolls
 d - a scroll of summoning {unknown}
 f - a scroll of immolation {unknown}
 i - 2 scrolls of fear
 j - 4 scrolls of teleportation
 y - 4 scrolls of identify
 C - a scroll of remove curse
Potions
 g - a potion of flight
 s - 2 potions of curing {unknown}
 u - 4 potions of haste {unknown}
 w - a potion of heal wounds {unknown}
Books
 e - Kikubaaqudgha's Collected Works on Sinister Secrets
   (Kikubaaqudgha gifted it to you on level 4 of the Dungeon)

   Spells                             Type                      Level
   a - Bolt of Draining               Conjuration/Necromancy       5
   b - Agony                          Necromancy                   5
   c - Cigotuvi's Embrace             Necromancy                   5
   d - Dispel Undead                  Necromancy                   5
   e - Death Channel                  Necromancy                   6
 k - a book of Air

   Spells                             Type                      Level
   a - Shock                          Conjuration/Air              1
   b - Swiftness                      Charms/Air                   2
   c - Static Discharge               Conjuration/Air              3
   d - Airstrike                      Air                          4
   e - Lightning Bolt                 Conjuration/Air              5
 q - a book of Conjurations

   Spells                             Type                      Level
   a - Magic Dart                     Conjuration                  1
   b - Searing Ray                    Conjuration                  2
   c - Dazzling Spray                 Conjuration/Hexes            3
   d - Fulminant Prism                Conjuration/Hexes            4
   e - Force Lance                    Conjuration/Translocation    4
   f - Iskenderun's Mystic Blast      Conjuration                  4
 x - Kikubaaqudgha's Reference Book on Necromancy
   (Kikubaaqudgha gifted it to you on level 3 of the Dungeon)

   Spells                             Type                      Level
   a - Animate Skeleton               Necromancy                   1
   b - Corpse Rot                     Necromancy                   2
   c - Sublimation of Blood           Necromancy                   2
   d - Vampiric Draining              Necromancy                   3
   e - Control Undead                 Necromancy                   4
Comestibles
 c - 5 bread rations
 h - 2 meat rations
 n - 4 fruits
 v - a royal jelly
 A - a chunk of flesh


   Skills:
 - Level 3.0 Fighting
   Level 4.8(5.8) Axes
 + Level 4.8(5.8) Maces & Flails
 - Level 1.0 Armour
 - Level 2.6 Dodging
 - Level 1.7 Stealth
 - Level 2.0 Spellcasting
 * Level 9.3 Necromancy


You had one spell level left.
You knew the following spells:

 Your Spells              Type           Power        Failure   Level  Hunger
a - Animate Skeleton      Necr           N/A          1%          1    ##.....
b - Vampiric Draining     Necr           ###.......   2%          3    ####...
c - Corpse Rot            Necr           N/A          1%          2    ###....
d - Control Undead        Necr           ###.......   7%          4    #####..


Dungeon Overview and Level Annotations

Branches:
Dungeon (6/15)
 Temple: D:4-7

Altars:
Cheibriados
Elyvilon
Fedhas
Gozag
Hepliaklqana
Kikubaaqudgha
Makhleb
Nemelex Xobeh
Wu Jian
Zin

Annotations:
D:5 Duvessa


Innate Abilities, Weirdness & Mutations

You have a moderately thin skeletal structure. (Dex +4, Stealth+)
You are slightly more attuned to the shadows.
When hurt, damage is shared between your health and your magic reserves.
You regenerate magic rapidly.


Message History

Aim: an orc priest, wielding a whip and wearing a leather armour (heavily wounded)
You kill the orc priest!
Kikubaaqudgha accepts your kill.
You feel life coursing into your body. The orc wizard completely misses you.
You hear some strange, mumbled words.
A magic dart appears from out of thin air!
The magic dart hits you!
* * * LOW HITPOINT WARNING * * *
The orc priest mumbles some strange prayers to Beogh against you.
Beogh smites you!
* * * LOW HITPOINT WARNING * * *
The orc wizard gestures at you while chanting.
The puff of flame hits you! You resist.
* * * LOW HITPOINT WARNING * * *
It was a potion of flight.
You feel very buoyant.
You fly up into the air.
The hound bites you but does no damage. The orc wizard hits you with a dagger.
You die...
Kikubaaqudgha rasps: "You have failed me!
Welcome... death!"

. #######..
####.oo.....
#####
#...ho.5....
#8..#
#.#.#@#.#.
#_...
#.#.#.# # .
#8..#
#.#.#.#.#
...#####
#.#.#.#.# #
..>.....
#.#.#.#.#.#.
######..
#...........
.....<.#
#####.......
#####...
#.######
#... #..####
#...


You could see a hound, an orc priest, an orc wizard, a crimson imp and an orc.

Vanquished Creatures
  A troll (D:5)
  A water moccasin (D:5)
  An orc warrior (D:6)
  An ice beast (D:5)
  An ogre (D:4)
  A centaur (D:5)
  3 bullfrogs
  2 scorpions
  3 wights (D:6)
  2 howler monkeys
  2 crimson imps (D:5)
  A centaur zombie (D:5)
  2 hounds
  A bullfrog skeleton (D:6)
  A jelly (D:4)
  An orc wizard (D:5)
  2 orc priests
  A centaur skeleton (D:4)
  An iguana (D:4)
  2 worker ants (D:5)
  6 gnolls
  11 adders
  A shadow imp (D:5)
  2 oozes
  5 worms
  3 dart slugs
  2 leopard geckos
  17 orcs
  2 giant cockroaches
  8 goblins
  16 hobgoblins
  4 jackals
  4 quokkas
  4 ball pythons
  12 bats
  4 frilled lizards
  7 kobolds
  A quokka skeleton (D:5)
  7 rats
146 creatures vanquished.

Vanquished Creatures (collateral kills)
  2 wights (D:6)
  A bullfrog skeleton (D:4)
  A hound (D:6)
  A worker ant zombie (D:6)
  An adder (D:4)
  An adder skeleton (D:6)
  A quokka (D:6)
8 creatures vanquished.

Grand Total: 154 creatures vanquished

Notes
Turn   | Place    | Note
-------+----------+-------------------------------------------
     0 | D:1      | sveltemanboy the Demonspawn Monk began the quest for the Orb.
     0 | D:1      | Reached XP level 1. HP: 18/18 MP: 1/1
   149 | D:1      | Reached skill level 1 in Armour
   309 | D:1      | Gained mutation: You have a somewhat thin skeletal structure. (Dex +2, Stealth) [demonic ancestry]
   309 | D:1      | Reached XP level 2. HP: 24/24 MP: 2/2
   815 | D:1      | Reached XP level 3. HP: 28/29 MP: 3/3
  1854 | D:2      | Found a faded altar of an unknown god.
  1874 | D:2      | Gained mutation: You have a moderately thin skeletal structure. (Dex +4, Stealth+) [demonic ancestry]
  1874 | D:2      | Reached XP level 4. HP: 26/35 MP: 4/4
  2766 | D:3      | Found an ancient bone altar of Kikubaaqudgha.
  2768 | D:3      | Found a blossoming altar of Fedhas.
  2804 | D:3      | Became a worshipper of Kikubaaqudgha
  2804 | D:3      | Reached * piety under Kikubaaqudgha
  2804 | D:3      | Identified Kikubaaqudgha's Reference Book on Necromancy (Kikubaaqudgha gifted it to you on level 3 of the Dungeon)
  2804 | D:3      | Received a gift from Kikubaaqudgha
  2804 | D:3      | Reached ** piety under Kikubaaqudgha
  2808 | D:3      | Learned a level 1 spell: Animate Skeleton
  2838 | D:3      | Found a white marble altar of Elyvilon.
  3219 | D:3      | Reached skill level 1 in Necromancy
  3219 | D:3      | Gained mutation: You are slightly more attuned to the shadows. [demonic ancestry]
  3219 | D:3      | Reached XP level 5. HP: 24/41 MP: 6/6
  3444 | D:3      | Reached skill level 1 in Spellcasting
  4032 | D:4      | Reached skill level 2 in Necromancy
  4396 | D:4      | Gained mutation: When hurt, damage is shared between your health and your magic reserves. [demonic ancestry]
  4396 | D:4      | Reached XP level 6. HP: 24/47 MP: 9/9
  4635 | D:4      | Reached skill level 3 in Necromancy
  4641 | D:4      | Reached skill level 1 in Maces & Flails
  4870 | D:4      | Reached skill level 4 in Necromancy
  4875 | D:4      | Learned a level 3 spell: Vampiric Draining
  4903 | D:4      | Found an ornate altar of the Wu Jian Council.
  5143 | D:4      | Reached *** piety under Kikubaaqudgha
  5143 | D:4      | Identified Kikubaaqudgha's Collected Works on Sinister Secrets (Kikubaaqudgha gifted it to you on level 4 of the Dungeon)
  5143 | D:4      | Received a gift from Kikubaaqudgha
  5143 | D:4      | Reached XP level 7. HP: 43/52 MP: 7/10
  5268 | D:4      | Learned a level 2 spell: Corpse Rot
  5311 | D:5      | Entered Level 5 of the Dungeon
  5364 | D:5      | Reached skill level 5 in Necromancy
  5649 | D:5      | Noticed Duvessa
  5677 | D:5      | Noticed a troll
  5704 | D:5      | Killed a troll
  5704 | D:5      | Reached skill level 6 in Necromancy
  5783 | D:5      | Found a snail-covered altar of Cheibriados.
  5807 | D:5      | Learned a level 4 spell: Control Undead
  5874 | D:5      | Reached skill level 7 in Necromancy
  5874 | D:5      | Gained mutation: You regenerate magic rapidly. [demonic ancestry]
  5874 | D:5      | Reached XP level 8. HP: 48/58 MP: 11/11
  5952 | D:5      | Found a hazy altar of Hepliaklqana.
  5952 | D:5      | Found a glowing silver altar of Zin.
  5952 | D:5      | Found a sparkling altar of Nemelex Xobeh.
  6472 | D:5      | Reached skill level 8 in Necromancy
  6781 | D:6      | Found an opulent altar of Gozag.
  7160 | D:6      | Reached skill level 9 in Necromancy
  7284 | D:6      | Reached **** piety under Kikubaaqudgha
  7362 | D:6      | Found a burning altar of Makhleb.
  7498 | D:6      | HP: 2/58 [orc wizard/puff of flame (4)]
  7499 | D:6      | Slain by an orc wizard

Vault maps used:
D:1:      minmay_arrival_up_and_down, nrook_uturn, minmay_tree_intersection
D:2:      chequers_ecumenical_altar_simple_redux, minmay_pentomino_o2
D:3:      grunt_temple_overflow_growth_and_decay, elyvilon_altar_3
D:4:      kennysheep_mini, first_bread
D:5:      cheibrodos_fzero, gammafunk_temple_overflow_forgotten,
          lemuel_doored_altar, uniq_duvessa
D:6:      lemuel_coloured_pillars_altar, minmay_temple_entry_butterflies,
          minmay_misc_feat_rows, grunt_gozag_breadcrumbs

Skill      XL: |  1  2  3  4  5  6  7  8 |
---------------+-------------------------+-----
Armour         | 1 |  1.0
Axes           | 3 4 |  4.8
Necromancy     | 1 2 4 7 9 |  9.3
Spellcasting   | 2 |  2.0
Maces & Flails | 1 3 4 |  4.8
Fighting       | |  3.0
Dodging        | |  2.6
Stealth        | |  1.7

Action                   |  1- 3 |  4- 6 |  7- 9 || total
-------------------------+-------+-------+-------++-------
Melee: Hand axe          |   132 |   240 |       ||   372
       Whip              |       |    71 |   362 ||   433
       Flail             |       |       |     4 ||     4
 Cast: Animate Skeleton  |       |     3 |     2 ||     5
       Control Undead    |       |       |     3 ||     3
       Vampiric Draining |       |       |     2 ||     2
       Corpse Rot        |       |       |     2 ||     2
  Use: Scroll            |       |    10 |       ||    10
       Potion            |       |       |     6 ||     6
 Stab: Sleeping          |    11 |    15 |    10 ||    36
       Distracted        |       |     4 |       ||     4
  Eat: Chunk             |     3 |    11 |     9 ||    23
Armor: Robe              |     4 |       |       ||     4
       Leather armour    |     8 |    10 |    67 ||    85
       Ring mail         |     2 |    52 |       ||    54
       Skin              |       |       |     9 ||     9
Dodge: Dodged            |    82 |   175 |   188 ||   445

Table legend:
 A = Spawn XP
 B = Non-spawn XP
 C = Spawn XP percentage of total XP
 D = Spawn monster count
 E = Non-spawn monster count
 F = Spawn count percentage of total count
 G = Total turns spent on level
                    A         B        C        D         E        F      G
               +---------+---------+-------+---------+---------+-------+---------
         Total |     571 |    2125 |  21.2 |      28 |     125 |  18.3 |  7499
               +---------+---------+-------+---------+---------+-------+---------
           D:1 |       5 |      43 |  10.4 |       4 |      24 |  14.3 |  1119
           D:2 |       7 |      62 |  10.1 |       3 |      19 |  13.6 |  1114
           D:3 |      45 |      51 |  46.9 |       6 |      20 |  23.1 |  1355
           D:4 |     222 |     327 |  40.4 |      10 |      21 |  32.3 |  1723
           D:5 |     248 |     946 |  20.8 |       3 |      20 |  13.0 |  1415
           D:6 |      44 |     696 |   5.9 |       2 |      21 |   8.7 |   773
               +---------+---------+-------+---------+---------+-------+---------
